 Dungeon Crawl Stone Soup version 0.31-a0-1317-gdfb52cbc09 (webtiles) character file.

Game seed: 8581417149404453286

1936 mopl the Magician (level 9, -15/51 HPs)
             Began as an Octopode Hedge Wizard on Dec 20, 2023.
             Was a Priest of Vehumet.
             Killed from afar by a steam dragon (23 damage)
             ... with a ball of steam
             ... on level 7 of the Dungeon.
             The game lasted 00:12:43 (5302 turns).

mopl the Magician (Octopode Hedge Wizard)           Turns: 5302, Time: 00:12:43

Health: -15/51     AC:  1    Str:  9    XL:     9   Next: 17%
Magic:  13/19      EV: 17    Int: 30    God:    Vehumet [***...]
Gold:   223        SH:  4    Dex: 11    Spells: 13/22 levels left

rFire   . . .        w - +4 rapier of Sloth {flame, +Blink rPois Will- Int+3}
rCold   . . .        E - +0 buckler
rNeg    . . .        b - +0 hat
rPois   +            B - amulet of faith {!P}
rElec   .            i - +5 ring of evasion
rCorr   .            o - ring of flight
SInv    .            r - +6 ring of intelligence
Will    .....        (no ring)
Stlth   +++          (no ring)
HPRegen 0.28/turn    (no ring)
MPRegen 0.16/turn    (no ring)
                     (no ring)

%: faith
@: flying
A: almost no armour, amphibious, 8 rings, camouflage 1, gelatinous body 1,
(nimble swimmer 1), tentacles
a: Renounce Religion, Evoke Blink


You were on level 7 of the Dungeon.
You worshipped Vehumet.
Vehumet was most pleased with you.
You visited 1 branch of the dungeon, and saw 7 of its levels.

You collected 313 gold pieces.
You spent 90 gold pieces at shops.

Inventory:

Hand Weapons
 a - a +0 dagger
 w - the +4 rapier of Sloth (weapon) {flame, +Blink rPois Will- Int+3}
   (You found it on level 4 of the Dungeon)

   Int+3:     It affects your intelligence (+3).
   rPois:     It protects you from poison Will-: It decreases your willpower.
   +Blink:    It lets you blink.
Missiles
 A - 3 boomerangs
Armour
 b - a +0 hat (worn)
 E - a +0 buckler (worn)
Jewellery
 i - a +5 ring of evasion (left tentacle)
 o - a ring of flight (right tentacle)
 r - a +6 ring of intelligence (on tentacle)
 B - an amulet of faith (around mantle) {!P}
Wands
 k - a wand of roots (8)
 F - a wand of digging (3)
Scrolls
 d - 6 scrolls of fog {unknown}
 e - 4 scrolls of teleportation {unknown}
 f - 2 scrolls of fear {unknown}
 g - a scroll of immolation {unknown}
 l - 2 scrolls of torment {unknown}
 n - 6 scrolls of identify {unknown}
 q - a scroll of enchant armour {unknown}
 s - a scroll of summoning {unknown}
 u - 2 scrolls of revelation {unknown}
 y - a scroll of silence {unknown}
 C - a scroll of noise {unknown}
 D - 3 scrolls of vulnerability {unknown}
Potions
 c - 2 potions of magic
 h - a potion of brilliance {unknown}
 j - a potion of ambrosia {unknown}
 m - 3 potions of might {unknown}
 p - 3 potions of curing
 t - 5 potions of enlightenment {unknown}
 v - 4 potions of heal wounds {unknown}
 x - 2 potions of mutation {unknown}
 z - a potion of cancellation {unknown}
 G - 2 potions of haste {unknown}


   Skills:
 - Level 2.0 Dodging
 - Level 2.6 Stealth
 + Level 3.2 Shields
 + Level 7.3 Spellcasting
 + Level 7.1 Conjurations
 - Level 1.0 Summonings
 - Level 1.0 Translocations
 + Level 3.1 Air Magic
 - Level 3.0 Alchemy


You had 13 spell levels left.
You knew the following spells:

 Your Spells              Type           Power      Damage    Failure   Level
a - Magic Dart            Conj           100%       1d8       1%          1
b - Shock                 Conj/Air       100%       1d9       1%          1
c - Mephitic Cloud        Conj/Alch/Air  37%        N/A       1%          3
d - Mercury Vapours       Alch/Air       58%        N/A       1%          2
e - Blink                 Tloc           34%        N/A       7%          2

Your spell library contained the following spells:

 Spells                   Type           Power      Damage    Failure   Level
 Searing Ray              Conj           100%       2d8       1%          2
 Static Discharge         Conj/Air       82%        3-7/arc   1%          2
 Summon Small Mammal      Summ           68%        N/A       4%          1
 Cigotuvi's Dreadful Rot  Necr/Alch/Air  46%        N/A       4%          2
 Airstrike                Air            14%        2d(3-19)  5%          4
 Slow                     Hex            40%        N/A       7%          1
 Call Imp                 Summ           34%        N/A       7%          2
 Call Canine Familiar     Summ           17%        N/A       13%         3
 Summon Guardian Golem    Hex/Summ       13%        N/A       17%         3
 Summon Lightning Spire   Summ/Air       23%        N/A       28%         4
 Haunt                    Necr/Summ      6%         N/A       100%        7
 Borgnjor's Revivificati  Necr           5%         N/A       100%        8
 Death's Door             Necr           5%         N/A       100%        9


Dungeon Overview and Level Annotations

Branches:
Dungeon (7/15)             Temple (0/1) D:5

Altars:
Cheibriados
Vehumet
Zin
The Shining One

Shops:
D:4 [   D:5 !=[(


Innate Abilities, Weirdness & Mutations

You cannot wear most types of armour.
You are amphibious.
You can wear up to eight rings at the same time.
Your skin changes colour to match your surroundings (Stealth+).
Your rubbery body absorbs attacks. (AC +1, EV +1)
((You are camouflaged when in or above water. (Stealth+)))
You have tentacles for arms and can constrict up to eight enemies at once.


Message History

Fumes of mercury billow around the steam dragon!
The steam dragon is poisoned.
The steam dragon hisses angrily.
The steam dragon looks weaker.
You hear a shout!
Casting: Mercury Vapours (safe; 1% risk of failure)
Confirm with . or Enter, or press ? or * to list all spells.
Aiming: Mercury Vapours (safe; 1% risk of failure)
Press: ? - help, Dir - move target, f/p - steam dragon
Aim: a steam dragon (very poisoned, weak, chance to weaken: 100%) Fumes of mercury billow around the steam dragon!
The steam dragon looks as sick as possible!
The steam dragon looks even weaker.
A kobold comes into view.
It is wielding a +2 short sword of flaming.
The kobold hits you with a +2 short sword of flaming.
The kobold burns you.
The kobold hits you with a +2 short sword of flaming.
The kobold burns you.
Casting: Mercury Vapours (safe; 1% risk of failure)
Confirm with . or Enter, or press ? or * to list all spells.
Aiming: Mercury Vapours (safe; 1% risk of failure)
Press: ? - help, Dir - move target, f/p - steam dragon
Aim: a steam dragon (severely wounded, very poisoned, weak, chance to weaken: 100%) Fumes of mercury billow around the steam dragon!
The steam dragon looks even sicker.
The steam dragon looks even weaker.
The kobold hits you with a +2 short sword of flaming!
The kobold burns you. The kobold attacks as it pursues you!
The kobold completely misses you. The kobold attacks as it pursues you!
The kobold hits you with a +2 short sword of flaming.
The kobold burns you.
You puncture the kobold! You burn the kobold.
You kill the kobold!
Vehumet accepts your kill. The steam dragon breathes steam at you.
The ball of steam hits you!
* * * LOW HITPOINT WARNING * * *
The steam dragon breathes steam at you. The ball of steam hits you!!
You die...

######## #......# #......#
#......# #########......#
#>............)#
#......###§§@################
#.###...D§§§§§§..............
#....######..##########.#
#....# ##.# #.#. ........
#.##########.# ..........
#...........#. #...........
#####......#.# #.........)..
#......+#. #####....!....
#......#.#


There were no monsters in sight!

Vanquished Creatures
  A water moccasin (D:5)
  4 sky beasts (D:7)
  2 ogres (D:4)
  2 phantoms
  Blork the orc (D:5)
  A bullfrog (D:6)
  A gnoll sergeant (D:6)
  2 scorpions
  3 hounds
  A jelly (D:6)
  2 orc priests
  3 sleepcaps
  2 gnoll boudas
  2 iguanas (D:5)
  5 orc wizards
  16 gnolls
  8 adders
  3 white imps
  A worm (D:2)
  2 dart slugs
  19 orcs
  4 bats
  10 endoplasms
  4 giant cockroaches
  3 goblins
  9 hobgoblins
  4 jackals (D:1)
  8 kobolds
  2 quokkas (D:2)
  7 ball pythons
  A frilled lizard (D:3)
  8 rats
141 creatures vanquished.

Notes
Turn   | Place    | Note
-------+----------+-------------------------------------------
     0 | D:1      | mopl the Octopode Hedge Wizard began the quest for the Orb.
     0 | D:1      | Reached XP level 1. HP: 11/11 MP: 4/4
   227 | D:1      | Reached XP level 2. HP: 16/17 MP: 6/6
   260 | D:1      | Learned a level 2 spell: Blink
   447 | D:1      | Reached skill level 2 in Conjurations
   564 | D:1      | Reached XP level 3. HP: 21/21 MP: 7/7
   769 | D:2      | Found a radiant altar of Vehumet.
   778 | D:2      | Became a worshipper of Vehumet
   894 | D:2      | Reached XP level 4. HP: 27/27 MP: 0/9
   964 | D:2      | Reached skill level 4 in Spellcasting
  1179 | D:3      | Learned a level 3 spell: Mephitic Cloud
  1276 | D:3      | Found a snail-covered altar of Cheibriados.
  1318 | D:3      | Reached skill level 3 in Conjurations
  1515 | D:3      | Reached * piety under Vehumet
  1515 | D:3      | Offered knowledge of Shock by Vehumet.
  1642 | D:3      | Reached skill level 1 in Alchemy
  1642 | D:3      | Reached XP level 5. HP: 26/31 MP: 8/11
  1655 | D:3      | Learned a level 1 spell: Shock
  1687 | D:3      | Found a glowing golden altar of the Shining One.
  2123 | D:4      | Found Kiada's Antique Armour Shop.
  2181 | D:4      | Noticed an ogre
  2189 | D:4      | Killed an ogre
  2190 | D:4      | Reached skill level 2 in Alchemy
  2190 | D:4      | Reached XP level 6. HP: 36/36 MP: 6/13
  2308 | D:4      | Reached skill level 4 in Conjurations
  2337 | D:4      | Identified the +4 rapier of Sloth {flame, +Blink rPois
                  | Will- Int+3}
  2363 | D:4      | Reached skill level 5 in Spellcasting
  2363 | D:4      | Reached skill level 3 in Alchemy
  2553 | D:5      | Entered Level 5 of the Dungeon
  2553 | D:5      | Noticed Blork the orc
  2556 | D:5      | Killed Blork the orc
  2557 | D:5      | Reached XP level 7. HP: 23/41 MP: 14/14
  2711 | D:5      | Found Nuroack's Antique Weapon Shoppe.
  2715 | D:5      | Found Futug's Distillery.
  2717 | D:5      | Found Kowich's Jewellery Shoppe.
  2718 | D:5      | Found Vegajuta's Armour Shoppe.
  2728 | D:5      | Bought a potion of attraction for 45 gold pieces
  2728 | D:5      | Bought a potion of curing for 45 gold pieces
  2757 | D:5      | Found a staircase to the Ecumenical Temple.
  2854 | D:5      | Reached skill level 5 in Conjurations
  2887 | D:5      | Offered knowledge of Mercury Vapours by Vehumet.
  2892 | D:5      | Reached ** piety under Vehumet
  3007 | D:5      | Learned a level 2 spell: Mercury Vapours
  3336 | D:5      | Found a glowing silver altar of Zin.
  3366 | D:5      | Reached skill level 6 in Spellcasting
  3366 | D:5      | Reached XP level 8. HP: 44/46 MP: 12/17
  3560 | D:6      | Reached skill level 6 in Conjurations
  3635 | D:6      | Identified the +3 ring mail "Xihadwomme" {Dex+4}
  4111 | D:6      | Reached skill level 1 in Shields
  4239 | D:6      | Reached skill level 1 in Air Magic
  4245 | D:6      | Offered knowledge of Searing Ray by Vehumet.
  4500 | D:6      | Reached skill level 2 in Shields
  4611 | D:7      | Reached skill level 2 in Air Magic
  4702 | D:7      | Reached skill level 7 in Spellcasting
  5020 | D:7      | Reached *** piety under Vehumet
  5021 | D:7      | Reached XP level 9. HP: 51/51 MP: 12/19
  5047 | D:7      | Reached skill level 3 in Shields
  5047 | D:7      | Reached skill level 7 in Conjurations
  5227 | D:7      | Reached skill level 3 in Air Magic
  5302 | D:7      | Killed from afar by a steam dragon

Illustrated notes

Levels and vault maps discovered:
D:1:      evilmike_arrival_hilbert_curve, layout_basic
D:2:      layout_rooms, basic_altar, st_stairs_1
D:3:      layout_loops_ring, cheibriados_altar_2, lemuel_coloured_pillars_altar
D:4:      layout_basic, serial_shops, shop, hangedman_abyss_or_decor_stabs
D:5:      layout_gridville, zin_academy, minmay_temple_entry_poolview,
          minmay_shop_grid_forest, uniq_blork_the_orc
D:6:      layout_loops_corners
D:7:      layout_basic

Skill      XL: |  1  2  3  4  5  6  7  8  9 |
---------------+----------------------------+-----
Conjurations   | 2 3 4 5 6 7 |  7.1
Spellcasting   | 4 5 6 7 |  7.3
Alchemy        | 1 2 3 |  3.0
Shields        | 2 3 |  3.2
Air Magic      | 2 3 |  3.1
Dodging        | |  2.0
Stealth        | |  2.6
Summonings     | |  1.0
Translocations | |  1.0

Action                     |  1- 3 |  4- 6 |  7- 9 || total
---------------------------+-------+-------+-------++-------
  Melee: Dagger            |    68 |    49 |     1 ||   118
         Constrict         |    20 |    15 |     8 ||    43
         Tentacles         |    16 |    18 |    10 ||    44
         Punch             |     1 |       |     2 ||     3
         Rapier            |       |     3 |    42 ||    45
   Cast: Magic Dart        |    30 |    63 |   107 ||   200
         Shock             |       |     8 |    29 ||    37
         Mercury Vapours   |       |       |    37 ||    37
  Evoke: Wand              |       |     2 |     4 ||     6
    Use: Potion            |       |     1 |       ||     1
   Stab: Sleeping          |     3 |     2 |     1 ||     6
         Distracted        |     1 |       |       ||     1
 Armour: Skin              |    26 |    15 |    46 ||    87
  Dodge: Dodged            |    61 |    38 |    52 ||   151
  Block: Buckler           |       |       |    10 ||    10

Table legend: (Time is in decaauts)
 A = Elapsed time spent in this place.
 B = Non-inter-level travel time spent in this place.
 C = Inter-level travel time spent in this place.
 D = Time resting spent in this place.
 E = Time spent auto-exploring this place.
 F = Levels seen in this place.
 G = Mean time per level.
                   A        B        C        D        E       F      G
               +--------+--------+--------+--------+--------+-----+--------+
         Total |   5312 |   5167 |    145 |    882 |   3240 |   7 |  758.9 |
       Dungeon |   5312 |   5167 |    145 |    882 |   3240 |   7 |  758.9 |
               +--------+--------+--------+--------+--------+-----+--------+

Top non-repeatable levels by time:
     D:6: 1133 daAuts
     D:5: 951 daAuts
     D:3: 809 daAuts
     D:1: 742 daAuts
     D:7: 675 daAuts
     D:4: 568 daAuts
     D:2: 430 daAuts
